 Seeded DCSS version 0.30.1-4-g462c640d31 (webtiles) character file.

Game seed: 5767496502683421384 (custom seed)

5926 hilljack the Martial Artist (level 10, -4/72 HPs)
             Began as an Octopode Transmuter on Aug 19, 2023.
             Was a Priest of Vehumet.
             Killed from afar by an acid dragon (28 damage)
             ... with a splash of acid
             ... on level 9 of the Dungeon.
             The game lasted 00:20:22 (9028 turns).

hilljack the Martial Artist (Octopode Transmuter)   Turns: 9028, Time: 00:20:23

Health: -4/72      AC:  3    Str: 10    XL:     10   Next: 83%
Magic:  13/13      EV: 20    Int: 20    God:    Vehumet [***...]
Gold:   396        SH:  8    Dex: 21    Spells: 3/13 levels left

rFire   + +          +
                       - Unarmed
rCold   . . .        C - +4 buckler of Shadows and Fog {Dex+3}
rNeg    . . .        e - +2 hat
rPois   .            H - amulet of the acrobat
rElec   +            d - ring "Qynlof" {Drain rElec rF+++ Dex+6 Stlth+}
rCorr   .            k - ring of willpower
SInv    .            q - +4 ring of protection
Will    +....        h - +5 ring of evasion
Stlth   ++++         n - ring of wizardry
HPRegen 0.32/turn    K - ring of flight
MPRegen 0.13/turn    L - ring of wizardry
                     (no ring)

%: acrobat, wizardry (x2)
@: corroded, flying
A: almost no armour, amphibious, 8 rings, camouflage 1, gelatinous body 1,
(nimble swimmer 1), tentacles
a: Renounce Religion


You were on level 9 of the Dungeon.
You worshipped Vehumet.
Vehumet was most pleased with you.
You visited 2 branches of the dungeon, and saw 11 of its levels.

You collected 476 gold pieces.
You spent 80 gold pieces at shops.

Inventory:

Hand Weapons
 c - a +2 short sword of draining
 N - a +3 scimitar of flaming
Missiles
 x - 2 throwing nets
Armour
 e - a +2 hat (worn)
 f - a +2 kite shield of cold resistance
 C - the +4 buckler of Shadows and Fog (worn) {Dex+3}
   (You acquired it on level 6 of the Dungeon)

   Dex:       It affects your dexterity (+3).
Jewellery
 d - the ring "Qynlof" (left tentacle) {Drain rElec rF+++ Dex+6 Stlth+}
   (You acquired it on level 1 of the Dungeon)

   [ring of dexterity]

   Dex:       It affects your dexterity (+6).
   rF:        It renders you almost immune to fire.
   rElec:     It insulates you from electricity.
   Drain:     It drains your maximum health when unequipped.
   Stlth:     It makes you more stealthy.
 h - a +5 ring of evasion (on tentacle)
 k - a ring of willpower (right tentacle)
 n - a ring of wizardry (on tentacle)
 q - a +4 ring of protection (on tentacle)
 H - an amulet of the acrobat (around mantle)
 K - a ring of flight (on tentacle)
 L - a ring of wizardry (on tentacle)
 O - a +4 ring of slaying
Wands
 u - a wand of roots (16)
 v - a wand of polymorph (5)
 D - a wand of acid (9)
 J - a wand of flame (23)
Scrolls
 b - 9 scrolls of teleportation
 g - 3 scrolls of magic mapping {unknown}
 j - 3 scrolls of enchant weapon {unknown}
 l - a scroll of noise {unknown}
 s - 2 scrolls of torment {unknown}
 w - 3 scrolls of poison {unknown}
 y - a scroll of butterflies {unknown}
 z - a scroll of fog {unknown}
 A - a scroll of enchant armour {unknown}
 B - a scroll of immolation {unknown}
 F - 2 scrolls of identify
 I - a scroll of amnesia {unknown}
Potions
 a - a potion of lignification
 i - 3 potions of magic
 m - 7 potions of curing
 o - 4 potions of mutation
 r - 2 potions of flight
 t - 3 potions of brilliance
 E - a potion of ambrosia
 G - a potion of invisibility {unknown}
 M - a potion of resistance {unknown}


   Skills:
 + Level 7.7 Fighting
 + Level 4.1 Dodging
 - Level 10.0 Unarmed Combat
 - Level 2.0 Spellcasting
 - Level 10.0 Transmutations


You had 3 spell levels left.
You knew the following spells:

 Your Spells              Type           Power      Damage    Failure   Level
a - Beastly Appendage     Tmut           84%        N/A       1%          1
b - Wereblood             Tmut           42%        N/A       1%          2
c - Spider Form           Tmut/Pois      22%        N/A       2%          3
d - Ice Form              Ice/Tmut       22%        N/A       9%          4

Your spell library contained the following spells:

 Spells                   Type           Power      Damage    Failure   Level
 Volatile Blastmotes      Fire/Tloc      4%         2d10      8%          3
 Hailstorm                Conj/Ice       2%         3d3       8%          3
 Ensorcelled Hibernation  Hex/Ice        4%         N/A       10%         2
 Call Canine Familiar     Summ           2%         N/A       17%         3
 Portal Projectile        Hex/Tloc       4%         N/A       17%         3
 Alistair's Intoxication  Tmut/Pois      14%        N/A       21%         5
 Eringya's Noxious Bog    Tmut/Pois      11%        N/A       41%         6
 Anguish                  Hex/Necr       1%         N/A       50%         4
 Cause Fear               Hex            1%         N/A       50%         4
 Leda's Liquefaction      Hex/Erth       1%         N/A       50%         4
 Borgnjor's Vile Clutch   Necr/Erth      1%         N/A       82%         5
 Simulacrum               Ice/Necr       1%         N/A       100%        6
 Enfeeble                 Hex            1%         N/A       100%        7


Dungeon Overview and Level Annotations

Branches:
Dungeon (10/15)            Temple (1/1) D:4
   Lair: D:8-11         Orc: D:9-12

Altars:
Ashenzari
Cheibriados
Dithmenos
Elyvilon
Fedhas
Gozag
Hepliaklqana
Kikubaaqudgha
Makhleb
Nemelex Xobeh
Okawaru
Qazlal
Ru
Sif Muna
Trog
Uskayaw
Vehumet
Wu Jian
Xom
Yredelemnul
Zin
The Shining One

Shops:
D:4 **   D:5 (   D:9 [

Annotations:
D:9 exclusion: obsidian statue


Innate Abilities, Weirdness & Mutations

You cannot wear most types of armour.
You are amphibious.
You can wear up to eight rings at the same time.
Your skin changes colour to match your surroundings (Stealth+).
Your rubbery body absorbs attacks. (AC +1, EV +1)
((You are camouflaged when in or above water. (Stealth+)))
You have tentacles for arms and can constrict up to eight enemies at once.


Message History

Something barely misses you.
The acid dragon attacks as you move away!
The acid dragon closely misses you. The acid dragon completely misses you.
The acid dragon attacks as you move away!
You block the acid dragon's attack. The acid dragon claws you.
The acid dragon attacks as you move away!
You block the acid dragon's attack. The acid dragon misses you.
Something hits you! The acid dragon spits acid at you.
The splash of acid hits you!
* * * LOW HITPOINT WARNING * * *
The acid corrodes you!
A shadow comes into view.
You hear a bellow!
Okay, then.
The acid dragon attacks as you move away!
You block the acid dragon's attack. The acid dragon completely misses you.
Something closely misses you. You block something's attack. Something hits you.
* * * LOW HITPOINT WARNING * * *
There is a stone staircase leading up here.
Something hits you but does no damage. You block the acid dragon's attack.
The acid dragon misses you.
You fly upwards.
Level annotation: exclusion: obsidian statue Reactivating autopickup.
There is a stone staircase leading down here.
Things that are here:
a +0 robe; a +0 dagger You feel much better.
The acid dragon completely misses you. The acid dragon closely misses you.
You tentacle-slap the acid dragon.
The acid dragon is lightly wounded.
The acid dragon barely misses you. The acid dragon claws you.
You closely miss the acid dragon.
The acid dragon is lightly wounded.
The acid dragon spits acid at you. The splash of acid hits you!!
You die...

..## #.# ### .## #.#####.. ##
#### #.##..... # ####...
#.#...^.. .......### #.#......
.........##### #........
.............### #........
...................### ##.......
................@D....###........
.....8.................##.####...
......................(.#.# ####
......................)[).#
.........................##
......................###)#
...................#### #)##
.......############# ##..## ###
#....##


You could see an acid dragon (catching breath).

Vanquished Creatures
  Maurice (D:8)
  An efreet (D:9)
  A kobold demonologist (D:9)
  Prince Ribbit (D:7)
  Sigmund (D:4)
  A wyvern (D:7)
  A wraith (D:8)
  7 yaks (D:9)
  2 steam dragons
  Edmund (D:4)
  A water moccasin (D:7)
  2 sky beasts (D:6)
  An orc warrior (D:9)
  2 ogres (D:6)
  4 centaurs
  2 phantoms
  A kobold brigand (D:7)
  5 bullfrogs
  3 scorpions
  13 wights (D:8)
  4 killer bees (D:7)
  A howler monkey (D:8)
  4 electric eels (D:7)
  2 hounds (D:5)
  2 gnoll boudas
  2 orc priests (D:6)
  A jelly (D:5)
  Jessica (D:2)
  A sleepcap (D:4)
  An iguana (D:4)
  2 orc wizards
  12 gnolls
  6 adders
  A shadow imp (D:6)
  A white imp (D:6)
  3 ufetubi
  2 worms
  6 dart slugs
  35 orcs
  2 bats
  5 endoplasms
  3 giant cockroaches
  7 goblins
  7 hobgoblins
  7 jackals
  9 quokkas
  6 ball pythons
  5 frilled lizards
  10 kobolds
  4 rats
203 creatures vanquished.

Notes
Turn   | Place    | Note
-------+----------+-------------------------------------------
     0 | D:1      | hilljack the Octopode Transmuter began the quest for the
                  | Orb.
     0 | D:1      | Reached XP level 1. HP: 13/13 MP: 3/3
    24 | D:1      | Identified 3 scrolls of acquirement
    24 | D:1      | Acquired the ring "Qynlof" {Drain rElec rF+++ Dex+6 Stlth+}
    25 | D:1      | Acquired a +2 kite shield of cold resistance
    26 | D:1      | Acquired a +2 hat
   168 | D:1      | Reached XP level 2. HP: 18/18 MP: 5/5
   331 | D:1      | Reached XP level 3. HP: 20/23 MP: 6/6
   639 | D:1      | Found a faded altar of an unknown god.
   975 | D:2      | Noticed Jessica
  1026 | D:2      | Killed Jessica
  1027 | D:2      | Reached XP level 4. HP: 7/28 MP: 7/7
  1935 | D:3      | Reached XP level 5. HP: 33/33 MP: 8/8
  2810 | D:4      | Found a staircase to the Ecumenical Temple.
  2820 | Temple   | Entered the Ecumenical Temple
  3167 | Temple   | Became a worshipper of Vehumet
  3246 | D:4      | Reached skill level 5 in Unarmed Combat
  3250 | D:4      | Reached XP level 6. HP: 38/38 MP: 9/9
  3259 | D:4      | Noticed Edmund
  3292 | D:4      | Killed Edmund
  3293 | D:4      | Reached skill level 5 in Transmutations
  3462 | D:4      | Found a basalt altar of Yredelemnul.
  3593 | D:4      | Reached XP level 7. HP: 17/43 MP: 10/10
  3741 | D:4      | Found Qiarphac's General Store.
  3746 | D:4      | Found Uchuubb's Specific Store.
  3754 | D:4      | Bought a scroll of vulnerability for 40 gold pieces
  3754 | D:4      | Bought a potion of brilliance for 40 gold pieces
  3781 | D:4      | Noticed Sigmund
  3787 | D:4      | Killed Sigmund
  4032 | D:5      | Entered Level 5 of the Dungeon
  4058 | D:5      | Found Nakuh's Weapon Emporium.
  4252 | D:5      | Reached XP level 8. HP: 44/48 MP: 11/11
  4255 | D:5      | Learned a level 2 spell: Wereblood
  4259 | D:5      | Learned a level 3 spell: Spider Form
  4264 | D:5      | Learned a level 4 spell: Ice Form
  4958 | D:5      | Reached * piety under Vehumet
  4958 | D:5      | Offered knowledge of Sandblast by Vehumet.
  5155 | D:6      | Found a hide-covered altar of Uskayaw.
  5343 | D:6      | Acquired the +4 buckler of Shadows and Fog {Dex+3}
  5356 | D:6      | Acquired a ring of wizardry
  5683 | D:6      | Found a sparkling altar of Nemelex Xobeh.
  5752 | D:7      | Reached XP level 9. HP: 51/53 MP: 9/12
  5760 | D:7      | Reached skill level 10 in Unarmed Combat
  5888 | D:7      | Noticed Prince Ribbit
  5896 | D:7      | Killed Prince Ribbit
  6531 | D:8      | Reached ** piety under Vehumet
  6531 | D:8      | Offered knowledge of Freeze by Vehumet.
  6639 | D:8      | Noticed Maurice
  6678 | D:8      | Killed Maurice
  6798 | D:8      | Reached skill level 10 in Transmutations
  6851 | D:8      | Reached XP level 10. HP: 55/61 MP: 13/13
  7017 | D:8      | Reached skill level 5 in Fighting
  7578 | D:9      | Offered knowledge of Volatile Blastmotes by Vehumet.
  7719 | D:9      | Noticed a kobold demonologist
  7720 | D:9      | Noticed an obsidian statue
  7743 | D:9      | Killed a kobold demonologist
  8230 | D:9      | Found Qosaem's Antique Armour Boutique.
  8441 | D:9      | Reached *** piety under Vehumet
  8729 | D:10     | Entered Level 10 of the Dungeon
  9028 | D:9      | Killed from afar by an acid dragon

Illustrated notes

Levels and vault maps discovered:
D:1:      minmay_arrival_solitary_statue, layout_loops_corners,
          basic_ecumenical_altar, ebering_dispersal_statue_hall
D:2:      layout_basic, hangedman_decor_slide_cut, minivault_4, uniq_jessica
D:3:      layout_basic
D:4:      layout_loops_cross, yredelemnul_altar_generic,
          minmay_temple_entry_tees, nicolae_specific_store, uniq_sigmund,
          uniq_edmund
D:5:      layout_loops_cross, nicolae_stop_n_shop_1
D:6:      layout_gridville, nemelex_dance_club_becter,
          overflow_temple_1_default, minmay_tree_intersection
D:7:      layout_loops_ring, minmay_misc_feat_cross, kennysheep_boxes,
          uniq_prince_ribbit1
D:8:      layout_cave_pools, uniq_maurice
D:9:      layout_cave_pods, serial_shops, nicolae_shop_window_shopping,
          minivault_16
D:10:     nzn_winding_woodlands_large [nzn_winding_woodlands_5x5_open_star,
          nzn_winding_woodlands_5x15_eye, nzn_winding_woodlands_5x5_cross,
          nzn_winding_woodlands_center_garden,
          nzn_winding_woodlands_15x15_eel_pit,
          nzn_winding_woodlands_center_pierced_h,
          nzn_winding_woodlands_hourglass, nzn_winding_woodlands_5x15_parted,
          nzn_winding_woodlands_5x5_three], layout_gridville,
          minmay_diamond_spiral
Temple:   compressed_dpeg_triangle_lava_temple

Skill      XL: |  1  2  3  4  5  6  7  8  9 10 |
---------------+-------------------------------+-----
Transmutations | 3 4 5 6 10 | 10.0
Unarmed Combat | 4 5 6 9 10 | 10.0
Fighting       | 2 7 |  7.7
Dodging        | 4 |  4.1
Spellcasting   | |  2.0

Action                     |  1- 3 |  4- 6 |  7- 9 | 10-12 || total
---------------------------+-------+-------+-------+-------++-------
  Melee: Short sword       |    60 |    26 |       |       ||    86
         Constrict         |    15 |    27 |    53 |    21 ||   116
         Tentacles         |     9 |    25 |    59 |    55 ||   148
         Punch             |     1 |     7 |    20 |    12 ||    40
         Unarmed           |       |   123 |   271 |   155 ||   549
         Kick              |       |       |    26 |    35 ||    61
   Cast: Beastly Appendage |       |       |    10 |     7 ||    17
         Wereblood         |       |       |     5 |     4 ||     9
    Use: Scroll            |     3 |       |     8 |     2 ||    13
         Potion            |       |       |       |     2 ||     2
   Stab: Sleeping          |     8 |    15 |    13 |       ||    36
         Distracted        |       |     1 |       |     1 ||     2
 Armour: Skin              |    10 |    25 |    47 |    33 ||   115
  Dodge: Dodged            |    30 |    39 |   154 |   139 ||   362
  Block: Kite shield       |    30 |    55 |    63 |       ||   148
         Buckler           |       |       |    45 |    81 ||   126
